Penguins vs Whale

Created - Thursday, January 07, 2016 at 03:03

Goals
1 2 3 OT1 SO T
Penguins 1 0 0 0 0 1
Whale 0 0 1 0 1 2
Shots
1 2 3 OT1 SO T
Penguins 14 11 2 1 8 28
Whale 5 6 10 3 8 24

1st period

1. Penguins , Adam Clendening 9 (FARMPLAYER2, Ryan Spooner) at 15:09 (PP)

Penalties :
FARM PLAYER33 (WBS) for Roughing (Minor) at 4:35, Brendan Ranford (CON) for Fighting (Major) at 7:05, Carson McMillan (WBS) for Fighting (Major) at 7:05, Corey Tropp (CON) for Fighting (Major) at 14:42, Jeff Schultz (WBS) for Fighting (Major) at 14:42, Tomas Nosek (CON) for Hooking (Minor) at 14:59, Philippe Cornet (WBS) for Hooking (Minor) at 16:57

2nd period

No Goal

Penalties :
John McCarthy (CON) for Fighting (Major) at 2:28, Patrice Cormier (WBS) for Fighting (Major) at 2:28, John McCarthy (CON) for instigated a fight (Minor) at 2:28, John McCarthy (CON) for instigated a fight (10 Minutes Misconduct) at 2:28, FARM PLAYER22 (WBS) for Roughing (Minor) at 10:10

3rd period

2. Whale , Colin Fraser 2 (Brendan Ranford) at 11:26

Penalties :
John McCarthy (CON) for Fighting (Major) at 1:25, Justin Vaive (WBS) for Fighting (Major) at 1:25, Corey Tropp (CON) for Fighting (Major) at 1:42, Trevor Parkes (WBS) for Fighting (Major) at 1:42

Overtime #1

No Goal

Penalties :
No Penalty

Shootout

Penalty Shot by Ryan Spooner for Penguins - Stopped by Louis Domingue
Penalty Shot by Pierre-Edouard Bellemare for Whale - Stopped by Martin Brodeur
Penalty Shot by FARMPLAYER2 for Penguins - Stopped by Louis Domingue
Penalty Shot by Shane Prince for Whale - Stopped by Martin Brodeur
Penalty Shot by Patrice Cormier for Penguins - Stopped by Louis Domingue
Penalty Shot by Corey Tropp for Whale - Shot Misses the Net
Penalty Shot by Justin Vaive for Penguins - Stopped by Louis Domingue
Penalty Shot by Alan Quine for Whale - Stopped by Martin Brodeur
Penalty Shot by Philippe Cornet for Penguins - Stopped by Louis Domingue
Penalty Shot by Iiro Pakarinen for Whale - Stopped by Martin Brodeur
Penalty Shot by Dustin Gazley for Penguins - Stopped by Louis Domingue
Penalty Shot by John McCarthy for Whale - Stopped by Martin Brodeur
Penalty Shot by Jason Gregoire for Penguins - Shot Misses the Net
Penalty Shot by Brendan Woods for Whale - Shot Misses the Net
Penalty Shot by Charles Sarault for Penguins - Stopped by Louis Domingue
Penalty Shot by Brendan Ranford for Whale - Goal!

Penalties :
No Penalty

Goalie Stats

Martin Brodeur (WBS), 23 saves from 24 shots - (0.958), OTL, 12-4-5, 65:00 minutes
Louis Domingue (CON), 27 saves from 28 shots - (0.964), W, 5-3-3, 65:00 minutes

Players Stats for Penguins

Player Name              G  A  P  +/- PIM S  H  SB GA TA FO     MP     PP MP  PK MP  
------------------------------------------------------------------------------------
Adam Clendening          1  0  1  -1  0   5  0  0  1  0  0/0    23:56   1:14   2:55 
Carson McMillan          0  0  0   0  5   0  2  0  0  1  0/0    15:05   0:00   0:00 
Charles Sarault          0  0  0   0  0   0  2  1  1  0  4/7    17:58   0:33   0:00 
Danny Biega              0  0  0   0  0   4  3  2  2  5  0/0    23:08   0:55   3:02 
Drew Bagnall             0  0  0   0  0   1  1  0  0  0  0/0     4:25   0:00   0:00 
Dustin Gazley            0  0  0   0  0   3  0  0  0  0  0/0    16:43   0:33   0:00 
FARM PLAYER15            0  0  0   0  0   0  1  0  0  0  0/0    21:21   1:05   0:13 
FARM PLAYER22            0  0  0   0  2   0  0  0  0  0  0/0    18:15   0:00   1:08 
FARM PLAYER33            0  0  0   0  2   0  0  0  0  0  0/0    12:54   0:00   0:00 
FARMPLAYER2              0  1  1  -1  0   3  1  0  2  3  0/0    20:59   1:36   3:02 
Jason Gregoire           0  0  0   0  0   2  0  0  2  1  0/1    13:44   0:00   2:08 
Jeff Schultz             0  0  0  -1  5   2  3  1  0  2  0/0    26:12   1:04   1:47 
Justin Vaive             0  0  0   0  5   2  4  1  0  0  0/1    16:11   0:33   1:04 
Patrice Cormier          0  0  0   0  5   0  0  0  3  0  2/6    21:09   0:00   3:55 
Philippe Cornet          0  0  0   0  2   1  1  2  4  1  0/0    15:23   0:00   0:40 
Ryan Olsen               0  0  0   0  0   0  0  0  0  0  3/4     8:15   0:00   0:00 
Ryan Spooner             0  1  1  -1  0   3  3  0  7  2  10/21  24:40   1:36   3:54 
Trevor Parkes            0  0  0  -1  5   2  1  0  0  0  0/0    13:32   1:36   0:00 

Players Stats for Whale

Player Name              G  A  P  +/- PIM S  H  SB GA TA FO     MP     PP MP  PK MP  
------------------------------------------------------------------------------------
Alan Quine               0  0  0   0  0   2  0  0  2  0  5/9    19:31   2:28   0:00 
Brendan Ranford          0  1  1   1  5   3  2  0  1  0  1/1    13:42   0:00   0:50 
Brendan Woods            0  0  0   0  0   1  1  1  1  0  1/2    12:03   0:00   0:00 
Brennan Evans            0  0  0   0  0   0  4  0  0  3  0/0    23:04   3:13   0:53 
Brent Regner             0  0  0   1  0   1  0  0  1  1  0/0    27:26   2:44   1:16 
Colin Fraser             1  0  1   1  0   1  2  1  2  1  3/7    15:39   0:25   0:19 
Corey Tropp              0  0  0   0  10  0  2  0  3  0  0/0    10:47   2:31   0:00 
Dallas Jackson           0  0  0   1  0   2  1  1  0  2  0/0    27:26   2:44   1:16 
Darren Dietz             0  0  0   0  0   1  1  0  0  2  0/0    23:04   3:13   0:53 
Denny Urban              0  0  0   0  0   0  1  0  0  0  0/0    14:29   0:00   0:00 
Ethan Werek              0  0  0   0  0   0  3  0  0  0  0/1     8:44   1:02   0:00 
Iiro Pakarinen           0  0  0   0  0   6  2  0  5  1  0/0    18:31   2:17   0:00 
John McCarthy            0  0  0   0  22  1  1  0  0  0  0/0    12:32   1:42   0:00 
Nick Tarnasky            0  0  0   0  0   1  4  0  0  1  0/0    12:03   0:00   0:00 
Pierre-Edouard Bellemare 0  0  0   0  0   1  0  1  1  0  9/18   24:46   2:41   1:19 
Reece Scarlett           0  0  0   0  0   0  0  1  0  0  0/0    14:29   0:00   0:00 
Shane Prince             0  0  0   0  0   2  3  0  4  1  0/0    25:03   3:04   1:50 
Tomas Nosek              0  0  0   1  2   2  1  1  0  0  2/2    14:21   1:41   0:00 

3 Stars

1 - Louis Domingue (CON)
2 - Martin Brodeur (WBS)
3 - Colin Fraser (CON)

Power Play

Penguins - 1 on 2 Attempt(s) - 50.00%
Whale - 0 on 3 Attempt(s) - 0.00%

Penalty Kill

Penguins - 3 on 3 Attempt(s) - 100.00% - Score 0 goal in Penalty Kill
Whale - 1 on 2 Attempt(s) - 50.00% - Score 0 goal in Penalty Kill

Team Stat

Penguins - Hits : 22 - Faceoff Wins : 19 - Blocked Shots : 7 - Penalty Minutes : 31
Whale - Hits : 28 - Faceoff Wins : 21 - Blocked Shots : 6 - Penalty Minutes : 39

Official

Referees : Unknown
Linesman : Unknown

Game Notes

Brendan Ranford and Carson McMillan fight to a draw at 7:05 of 1st period
Drew Bagnall is injured at 14:23 of 1st period (Strained Left Knee)
Corey Tropp beats up Jeff Schultz at 14:42 of 1st period
John McCarthy beats up Patrice Cormier at 2:28 of 2nd period
Justin Vaive beats up John McCarthy at 1:25 of 3rd period
Corey Tropp beats up Trevor Parkes at 1:42 of 3rd period

Finance

Level 1 -- Attendance: 1437 (71.85%) -- Ticket Income $57,480
Level 2 -- Attendance: 785 (78.50%) -- Ticket Income $15,700
Total Attendance: 2222 (74.07%)
Total Ticket Income: $73,180
Other Income: $35,858
Total Income: $109,038

Penguins

5 vs 5 Forward 
   Center                   Left Wing                Right Wing               Time % Phy DF OF 
 1 Ryan Spooner             FARMPLAYER2              Trevor Parkes            35     1   2  2  
 2 Patrice Cormier          Justin Vaive             Dustin Gazley            30     1   2  2  
 3 Charles Sarault          Philippe Cornet          Carson McMillan          22     1   2  2  
 4 Ryan Olsen               Jason Gregoire           Ryan Spooner             13     1   2  2  

5 vs 5 Defense 
   Defense                  Defense                                           Time % Phy DF OF 
 1 Jeff Schultz             Adam Clendening                                   35     1   2  2  
 2 Danny Biega              Drew Bagnall                                      30     1   2  2  
 3 FARM PLAYER15            FARM PLAYER22                                     22     1   2  2  
 4 FARM PLAYER33            Jeff Schultz                                      13     1   2  2  

PowerPlay Forward 
   Center                   Left Wing                Right Wing               Time % Phy DF OF 
 1 Ryan Spooner             FARMPLAYER2              Trevor Parkes            60     1   2  2  
 2 Patrice Cormier          Justin Vaive             Dustin Gazley            40     1   2  2  

PowerPlay Defense
   Defense                  Defense                                           Time % Phy DF OF 
 1 Jeff Schultz             Adam Clendening                                   60     1   2  2  
 2 Danny Biega              Drew Bagnall                                      40     1   2  2  

Penalty Kill 4 Players Forward 
   Center                   Wing                     Time % Phy DF OF 
 1 Ryan Spooner             Patrice Cormier          60     1   2  2  
 2 Justin Vaive             Philippe Cornet          40     1   2  2  

Penalty Kill 4 Players Defense
   Defense                  Defense                  Time % Phy DF OF 
 1 Jeff Schultz             Adam Clendening          60     1   2  2  
 2 Danny Biega              FARMPLAYER2              40     1   2  2  

Penalty Kill - 3 Players Forward 
   Forward                                           Time % Phy DF OF 
 1 Ryan Spooner                                      60     1   2  2  
 2 Patrice Cormier                                   40     1   2  2  

Penalty Kill - 3 Players Defense
   Defense                  Defense                  Time % Phy DF OF 
 1 Jeff Schultz             Adam Clendening          60     1   2  2  
 2 Danny Biega              FARMPLAYER2              40     1   2  2  

4 vs 4 Forward 
   Center                   Wing                     Time % Phy DF OF 
 1 Ryan Spooner             Patrice Cormier          60     1   2  2  
 2 Justin Vaive             Philippe Cornet          40     1   2  2  

4 vs 4 Defense
   Defense                  Defense                  Time % Phy DF OF 
 1 Jeff Schultz             Adam Clendening          60     1   2  2  
 2 Danny Biega              FARMPLAYER2              40     1   2  2  

Last Minutes Offensive
   Center                   Left Wing                Right Wing               Defense                  Defense                  
   Ryan Spooner             FARMPLAYER2              Trevor Parkes            Jeff Schultz             Adam Clendening          

Last Minutes Defensive
   Center                   Left Wing                Right Wing               Defense                  Defense                  
   Ryan Spooner             FARMPLAYER2              Trevor Parkes            Jeff Schultz             Adam Clendening          

Goaltenders
Starting : Martin Brodeur           
Backup : FARM GOALIE20            

Extra Forwards
Normal : Charles Sarault, Carson McMillan, Jason Gregoire - PP : Charles Sarault, Carson McMillan - PK : Jason Gregoire
Extra Defensemen
Normal : FARM PLAYER15, FARM PLAYER22, FARM PLAYER33 - PP : FARM PLAYER15 - PK : FARM PLAYER22, FARM PLAYER33
Penalty Shots
Ryan Spooner, FARMPLAYER2, Patrice Cormier, Justin Vaive, Philippe Cornet

Whale

5 vs 5 Forward 
   Center                   Left Wing                Right Wing               Time % Phy DF OF 
 1 Pierre-Edouard Bellemare Shane Prince             Corey Tropp              35     1   2  2  
 2 Alan Quine               John McCarthy            Iiro Pakarinen           30     1   2  2  
 3 Colin Fraser             Brendan Ranford          Pierre-Edouard Bellemare 22     1   2  2  
 4 Brendan Woods            Nick Tarnasky            Shane Prince             13     1   2  2  

5 vs 5 Defense 
   Defense                  Defense                                           Time % Phy DF OF 
 1 Brent Regner             Dallas Jackson                                    35     1   2  2  
 2 Brennan Evans            Darren Dietz                                      30     1   2  2  
 3 Reece Scarlett           Denny Urban                                       22     1   2  2  
 4 Brent Regner             Dallas Jackson                                    13     1   2  2  

PowerPlay Forward 
   Center                   Left Wing                Right Wing               Time % Phy DF OF 
 1 Pierre-Edouard Bellemare Shane Prince             Corey Tropp              60     1   2  2  
 2 Alan Quine               John McCarthy            Iiro Pakarinen           40     1   2  2  

PowerPlay Defense
   Defense                  Defense                                           Time % Phy DF OF 
 1 Brent Regner             Dallas Jackson                                    60     1   2  2  
 2 Brennan Evans            Darren Dietz                                      40     1   2  2  

Penalty Kill 4 Players Forward 
   Center                   Wing                     Time % Phy DF OF 
 1 Pierre-Edouard Bellemare Shane Prince             60     1   2  2  
 2 Corey Tropp              Alan Quine               40     1   2  2  

Penalty Kill 4 Players Defense
   Defense                  Defense                  Time % Phy DF OF 
 1 Brent Regner             Dallas Jackson           60     1   2  2  
 2 Brennan Evans            Darren Dietz             40     1   2  2  

Penalty Kill - 3 Players Forward 
   Forward                                           Time % Phy DF OF 
 1 Pierre-Edouard Bellemare                          60     1   2  2  
 2 Shane Prince                                      40     1   2  2  

Penalty Kill - 3 Players Defense
   Defense                  Defense                  Time % Phy DF OF 
 1 Brent Regner             Dallas Jackson           60     1   2  2  
 2 Brennan Evans            Darren Dietz             40     1   2  2  

4 vs 4 Forward 
   Center                   Wing                     Time % Phy DF OF 
 1 Pierre-Edouard Bellemare Shane Prince             60     1   2  2  
 2 Corey Tropp              Alan Quine               40     1   2  2  

4 vs 4 Defense
   Defense                  Defense                  Time % Phy DF OF 
 1 Brent Regner             Dallas Jackson           60     1   2  2  
 2 Brennan Evans            Darren Dietz             40     1   2  2  

Last Minutes Offensive
   Center                   Left Wing                Right Wing               Defense                  Defense                  
   Pierre-Edouard Bellemare Shane Prince             Corey Tropp              Brent Regner             Dallas Jackson           

Last Minutes Defensive
   Center                   Left Wing                Right Wing               Defense                  Defense                  
   Pierre-Edouard Bellemare Shane Prince             Corey Tropp              Brent Regner             Dallas Jackson           

Goaltenders
Starting : Louis Domingue           
Backup : Igor Bobkov              

Extra Forwards
Normal : Tomas Nosek, Ethan Werek, Brendan Ranford - PP : Tomas Nosek, Ethan Werek - PK : Brendan Ranford
Extra Defensemen
Normal : Reece Scarlett, Denny Urban, Brennan Evans - PP : Reece Scarlett - PK : Denny Urban, Brennan Evans
Penalty Shots
Pierre-Edouard Bellemare, Shane Prince, Corey Tropp, Alan Quine, Iiro Pakarinen

% Time on Ice - Penguins

Lines # - Real PCT - Wanted PCT - Time Play
Normal Forward
1 - 27% - 35% - 14:14
2 - 31% - 30% - 16:10
3 - 27% - 22% - 13:49
4 - 15% - 13% - 7:41
Normal Defense
1 - 32% - 35% - 16:35
2 - 41% - 30% - 21:28
3 - 13% - 22% - 6:53
4 - 13% - 13% - 6:58
PP Forward
1 - 74% - 60% - 1:36
2 - 26% - 40% - 0:33
PP Defense
1 - 57% - 60% - 1:14
2 - 43% - 40% - 0:55
PK Forward
1 - 82% - 60% - 4:53
2 - 18% - 40% - 1:04
PK Defense
1 - 49% - 60% - 2:55
2 - 51% - 40% - 3:02
PK3 Forward
1 - 0% - 60%
2 - 0% - 40%
PK3 Defense
1 - 0% - 60%
2 - 0% - 40%
44 Forward
1 - 90% - 60% - 4:30
2 - 10% - 40% - 0:30
44 Defense
1 - 57% - 60% - 2:50
2 - 43% - 40% - 2:10
Last Minute Offensive  - 0:00
Last Minute Defensive  - 0:00
Total
Forward - 65:00
Defense - 65:00

% Time on Ice - Whale

Lines # - Real PCT - Wanted PCT - Time Play
Normal Forward
1 - 19% - 35% - 9:58
2 - 32% - 30% - 16:44
3 - 25% - 22% - 13:08
4 - 23% - 13% - 12:04
Normal Defense
1 - 34% - 35% - 17:26
2 - 32% - 30% - 16:49
3 - 28% - 22% - 14:29
4 - 6% - 13% - 3:10
PP Forward
1 - 52% - 60% - 3:04
2 - 48% - 40% - 2:53
PP Defense
1 - 46% - 60% - 2:44
2 - 54% - 40% - 3:13
PK Forward
1 - 100% - 60% - 2:09
2 - 0% - 40% - 0:00
PK Defense
1 - 59% - 60% - 1:16
2 - 41% - 40% - 0:53
PK3 Forward
1 - 0% - 60%
2 - 0% - 40%
PK3 Defense
1 - 0% - 60%
2 - 0% - 40%
44 Forward
1 - 86% - 60% - 4:19
2 - 14% - 40% - 0:41
44 Defense
1 - 57% - 60% - 2:50
2 - 43% - 40% - 2:10
Last Minute Offensive  - 0:00
Last Minute Defensive  - 0:00
Total
Forward - 65:00
Defense - 65:00

Play by Play

1st period


0:01 of 1st period - Pierre-Edouard Bellemare wins face-off versus Ryan Spooner in neutral zone.
0:31 of 1st period - Slapshot by Shane Prince.
0:31 of 1st period - Shot Misses the Net.
0:33 of 1st period - Slapshot by Brent Regner.
0:33 of 1st period - Stopped by Martin Brodeur with a rebound.
0:35 of 1st period - Wrist shot by Corey Tropp.
0:35 of 1st period - Shot Misses the Net.
1:28 of 1st period - Wrist shot by Justin Vaive.
1:28 of 1st period - Shot Misses the Net.
1:30 of 1st period - Wrist shot by Danny Biega.
1:30 of 1st period - Stopped by Louis Domingue with a rebound.
1:32 of 1st period - Slapshot by Drew Bagnall.
1:32 of 1st period - Stopped by Louis Domingue with a rebound.
2:41 of 1st period - Ryan Spooner is hit by Nick Tarnasky and loses puck.
3:02 of 1st period - Icing by Jason Gregoire.
3:03 of 1st period - Ryan Olsen wins face-off versus Pierre-Edouard Bellemare in Penguins zone.
4:15 of 1st period - Jeff Schultz is hit by Brennan Evans and loses puck.
4:35 of 1st period - Minor Penalty to FARM PLAYER33 for Roughing.
4:36 of 1st period - Ryan Spooner wins face-off versus Pierre-Edouard Bellemare in Penguins zone.
5:07 of 1st period - Off-side.
5:08 of 1st period - Ryan Spooner wins face-off versus Alan Quine in neutral zone.
5:51 of 1st period - Slapshot by FARMPLAYER2.
5:51 of 1st period - Stopped by Louis Domingue with a rebound.
5:53 of 1st period - Slapshot by FARMPLAYER2.
5:53 of 1st period - Stopped by Louis Domingue with a rebound.
6:12 of 1st period - Jason Gregoire is hit by Brennan Evans and loses puck.
6:35 of 1st period - Penalty to FARM PLAYER33 is over, FARM PLAYER33 is back on ice.
6:35 of 1st period - Brent Regner is hit by Jeff Schultz and loses puck.
6:48 of 1st period - Wrist shot by Iiro Pakarinen.
6:48 of 1st period - Stopped by Martin Brodeur without a rebound.
6:49 of 1st period - Alan Quine wins face-off versus Charles Sarault in Penguins zone.
7:05 of 1st period - Brendan Ranford and Carson McMillan fight to a draw.
7:05 of 1st period - Penalty to Brendan Ranford for Fighting.
7:05 of 1st period - Penalty to Carson McMillan for Fighting.
7:06 of 1st period - Charles Sarault wins face-off versus Colin Fraser in Penguins zone.
7:54 of 1st period - Snap shot by Patrice Cormier.
7:54 of 1st period - Shot Misses the Net.
9:12 of 1st period - Wrist shot by Justin Vaive.
9:12 of 1st period - Stopped by Louis Domingue with a rebound.
9:14 of 1st period - Snap shot by Justin Vaive.
9:14 of 1st period - Stopped by Louis Domingue with a rebound.
9:16 of 1st period - Slapshot by Patrice Cormier.
9:16 of 1st period - Shot Misses the Net.
10:00 of 1st period - Snap shot by Adam Clendening.
10:00 of 1st period - Deflect By Pierre-Edouard Bellemare.
10:00 of 1st period - Stopped by Louis Domingue with a rebound.
10:02 of 1st period - Slapshot by Charles Sarault.
10:02 of 1st period - Shot Blocked by Reece Scarlett.
10:16 of 1st period - Snap shot by Philippe Cornet.
10:16 of 1st period - Stopped by Louis Domingue with a rebound.
10:18 of 1st period - Slapshot by Jeff Schultz.
10:18 of 1st period - Shot Misses the Net.
10:20 of 1st period - Snap shot by FARM PLAYER15.
10:20 of 1st period - Deflect By Philippe Cornet.
10:20 of 1st period - Shot Blocked by Tomas Nosek.
10:20 of 1st period - Puck is out of play.
10:21 of 1st period - Charles Sarault wins face-off versus Brendan Woods in Whale zone.
11:02 of 1st period - Pierre-Edouard Bellemare is hit by Justin Vaive and loses puck.
11:09 of 1st period - Snap shot by Justin Vaive.
11:09 of 1st period - Deflect By Dustin Gazley.
11:09 of 1st period - Shot Blocked by Pierre-Edouard Bellemare.
11:09 of 1st period - Puck is out of play.
11:10 of 1st period - Pierre-Edouard Bellemare wins face-off versus Justin Vaive in Whale zone.
11:27 of 1st period - Slapshot by Danny Biega.
11:27 of 1st period - Shot Misses the Net.
11:49 of 1st period - Reece Scarlett is hit by Trevor Parkes and loses puck.
11:56 of 1st period - Ethan Werek is hit by Drew Bagnall and loses puck.
12:03 of 1st period - Trevor Parkes is hit by Ethan Werek and loses puck.
12:26 of 1st period - Slapshot by Adam Clendening.
12:26 of 1st period - Stopped by Louis Domingue with a rebound.
12:38 of 1st period - Slapshot by Adam Clendening.
12:38 of 1st period - Deflect By Jason Gregoire.
12:38 of 1st period - Stopped by Louis Domingue with a rebound.
12:46 of 1st period - Slapshot by Ryan Olsen.
12:46 of 1st period - Shot Hit the Post.
13:30 of 1st period - Nick Tarnasky is hit by Ryan Spooner and loses puck.
14:22 of 1st period - Drew Bagnall is hit by Nick Tarnasky and loses puck.
14:23 of 1st period - Drew Bagnall from Penguins is injured at 14:23 of 1st period (Strained Left Knee).
14:24 of 1st period - Ryan Spooner wins face-off versus Pierre-Edouard Bellemare in Penguins zone.
14:42 of 1st period - Corey Tropp beats up Jeff Schultz.
14:42 of 1st period - Penalty to Corey Tropp for Fighting.
14:42 of 1st period - Penalty to Jeff Schultz for Fighting.
14:43 of 1st period - Pierre-Edouard Bellemare wins face-off versus Ryan Spooner in Penguins zone.
14:48 of 1st period - Snap shot by Shane Prince.
14:48 of 1st period - Shot Misses the Net.
14:59 of 1st period - Minor Penalty to Tomas Nosek for Hooking.
15:00 of 1st period - Pierre-Edouard Bellemare wins face-off versus Ryan Spooner in Whale zone.
15:07 of 1st period - Snap shot by FARMPLAYER2.
15:07 of 1st period - Shot Misses the Net.
15:09 of 1st period - Slapshot by Adam Clendening.
15:09 of 1st period - Goal by Adam Clendening - Penguins : 1 - Whale : 0.
15:10 of 1st period - Pierre-Edouard Bellemare wins face-off versus Ryan Spooner in neutral zone.
15:25 of 1st period - Wrist shot by Ryan Spooner.
15:25 of 1st period - Stopped by Louis Domingue with a rebound.
15:37 of 1st period - Slapshot by Ryan Spooner.
15:37 of 1st period - Stopped by Louis Domingue without a rebound.
15:38 of 1st period - Alan Quine wins face-off versus Patrice Cormier in Whale zone.
15:45 of 1st period - Slapshot by Dustin Gazley.
15:45 of 1st period - Stopped by Louis Domingue with a rebound.
15:53 of 1st period - Slapshot by Iiro Pakarinen.
15:53 of 1st period - Shot Blocked by Justin Vaive.
15:55 of 1st period - Wrist shot by Denny Urban.
15:55 of 1st period - Deflect By Alan Quine.
15:55 of 1st period - Stopped by Martin Brodeur with a rebound.
16:36 of 1st period - Philippe Cornet is hit by Shane Prince and loses puck.
16:43 of 1st period - Snap shot by Shane Prince.
16:43 of 1st period - Stopped by Martin Brodeur with a rebound.
16:57 of 1st period - Minor Penalty to Philippe Cornet for Hooking.
16:58 of 1st period - Ryan Spooner wins face-off versus Pierre-Edouard Bellemare in Penguins zone.
17:09 of 1st period - Ryan Spooner is hit by Shane Prince and loses puck.
17:28 of 1st period - Slapshot by Iiro Pakarinen.
17:28 of 1st period - Stopped by Martin Brodeur without a rebound.
17:29 of 1st period - Alan Quine wins face-off versus Patrice Cormier in Penguins zone.
18:57 of 1st period - Penalty to Philippe Cornet is over, Philippe Cornet is back on ice.
19:05 of 1st period - Snap shot by Alan Quine.
19:05 of 1st period - Shot Misses the Net.
Goals for this period are 1 for Penguins vs 0 for Whale.
Shots for this period are 14 for Penguins vs 5 for Whale.

2nd period


0:01 of 2nd period - Pierre-Edouard Bellemare wins face-off versus Ryan Spooner in neutral zone.
0:17 of 2nd period - Slapshot by Jeff Schultz.
0:17 of 2nd period - Stopped by Louis Domingue with a rebound.
0:19 of 2nd period - Slapshot by Trevor Parkes.
0:19 of 2nd period - Stopped by Louis Domingue with a rebound.
0:55 of 2nd period - Wrist shot by Iiro Pakarinen.
0:55 of 2nd period - Shot Misses the Net.
0:57 of 2nd period - Slapshot by Dallas Jackson.
0:57 of 2nd period - Stopped by Martin Brodeur without a rebound.
0:58 of 2nd period - Patrice Cormier wins face-off versus Alan Quine in Penguins zone.
1:08 of 2nd period - Off-side.
1:09 of 2nd period - Charles Sarault wins face-off versus Colin Fraser in neutral zone.
2:23 of 2nd period - Darren Dietz is hit by Justin Vaive.
2:28 of 2nd period - John McCarthy beats up Patrice Cormier.
2:28 of 2nd period - Penalty to John McCarthy for Fighting.
2:28 of 2nd period - Penalty to Patrice Cormier for Fighting.
2:28 of 2nd period - Penalty to John McCarthy for instigated a fight.
2:28 of 2nd period - Penalty to John McCarthy for instigated a fight.
2:29 of 2nd period - Ryan Spooner wins face-off versus Pierre-Edouard Bellemare in Whale zone.
2:30 of 2nd period - Wrist shot by Adam Clendening.
2:30 of 2nd period - Deflect By FARMPLAYER2.
2:30 of 2nd period - Stopped by Louis Domingue with a rebound.
3:31 of 2nd period - Pierre-Edouard Bellemare is hit by Charles Sarault and loses puck.
3:36 of 2nd period - Slapshot by Danny Biega.
3:36 of 2nd period - Shot Blocked by Dallas Jackson.
3:38 of 2nd period - Snap shot by Danny Biega.
3:38 of 2nd period - Stopped by Louis Domingue with a rebound.
3:40 of 2nd period - Slapshot by Dustin Gazley.
3:40 of 2nd period - Stopped by Louis Domingue with a rebound.
3:42 of 2nd period - Slapshot by Danny Biega.
3:42 of 2nd period - Stopped by Louis Domingue without a rebound.
3:43 of 2nd period - Pierre-Edouard Bellemare wins face-off versus Ryan Spooner in Whale zone.
3:51 of 2nd period - Off-side.
3:52 of 2nd period - Brendan Ranford wins face-off versus Ryan Spooner in neutral zone.
4:20 of 2nd period - Snap shot by Colin Fraser.
4:20 of 2nd period - Shot Blocked by Danny Biega.
4:22 of 2nd period - Snap shot by Colin Fraser.
4:22 of 2nd period - Shot Blocked by Danny Biega.
4:24 of 2nd period - Snap shot by Colin Fraser.
4:24 of 2nd period - Shot Misses the Net.
4:26 of 2nd period - Slapshot by Dallas Jackson.
4:26 of 2nd period - Stopped by Martin Brodeur with a rebound.
4:28 of 2nd period - Penalty to John McCarthy is over, Iiro Pakarinen is send on ice.
4:56 of 2nd period - Snap shot by Dustin Gazley.
4:56 of 2nd period - Stopped by Louis Domingue with a rebound.
5:36 of 2nd period - Snap shot by Charles Sarault.
5:36 of 2nd period - Shot Misses the Net.
5:38 of 2nd period - Snap shot by Carson McMillan.
5:38 of 2nd period - Shot Misses the Net.
5:56 of 2nd period - Brendan Woods is hit by Danny Biega.
7:02 of 2nd period - Nick Tarnasky is hit by Justin Vaive and loses puck.
7:28 of 2nd period - Off-side.
7:29 of 2nd period - Charles Sarault wins face-off versus Colin Fraser in neutral zone.
7:32 of 2nd period - Slapshot by Jeff Schultz.
7:32 of 2nd period - Shot Misses the Net.
7:34 of 2nd period - Snap shot by Philippe Cornet.
7:34 of 2nd period - Shot Misses the Net.
8:42 of 2nd period - Nick Tarnasky is hit by Philippe Cornet and loses puck.
8:57 of 2nd period - Charles Sarault is hit by Nick Tarnasky and loses puck.
9:34 of 2nd period - Snap shot by Colin Fraser.
9:34 of 2nd period - Shot Blocked by Philippe Cornet.
9:36 of 2nd period - Wrist shot by Brendan Ranford.
9:36 of 2nd period - Stopped by Martin Brodeur with a rebound.
9:54 of 2nd period - Slapshot by Alan Quine.
9:54 of 2nd period - Stopped by Martin Brodeur with a rebound.
9:58 of 2nd period - Snap shot by Alan Quine.
9:58 of 2nd period - Shot Blocked by Charles Sarault.
10:00 of 2nd period - Snap shot by Alan Quine.
10:00 of 2nd period - Deflect By Iiro Pakarinen.
10:00 of 2nd period - Stopped by Martin Brodeur with a rebound.
10:02 of 2nd period - Slapshot by Darren Dietz.
10:02 of 2nd period - Shot Blocked by Philippe Cornet.
10:04 of 2nd period - Wrist shot by Tomas Nosek.
10:04 of 2nd period - Stopped by Martin Brodeur with a rebound.
10:10 of 2nd period - Minor Penalty to FARM PLAYER22 for Roughing.
10:11 of 2nd period - Ryan Spooner wins face-off versus Pierre-Edouard Bellemare in Penguins zone.
10:46 of 2nd period - Alan Quine is hit by Ryan Spooner and loses puck.
10:55 of 2nd period - Slapshot by Danny Biega.
10:55 of 2nd period - Stopped by Louis Domingue with a rebound.
11:03 of 2nd period - Ryan Spooner is hit by Tomas Nosek.
11:22 of 2nd period - Jason Gregoire is hit by Corey Tropp.
12:10 of 2nd period - Penalty to FARM PLAYER22 is over, FARM PLAYER22 is back on ice.
13:14 of 2nd period - Jason Gregoire is hit by Denny Urban and loses puck.
14:13 of 2nd period - Snap shot by Ryan Spooner.
14:13 of 2nd period - Stopped by Louis Domingue with a rebound.
14:36 of 2nd period - Snap shot by Charles Sarault.
14:36 of 2nd period - Shot Misses the Net.
15:50 of 2nd period - Snap shot by Colin Fraser.
15:50 of 2nd period - Shot Misses the Net.
16:15 of 2nd period - Off-side.
16:16 of 2nd period - Ryan Olsen wins face-off versus Ethan Werek in neutral zone.
17:24 of 2nd period - Off-side.
17:25 of 2nd period - Ryan Spooner wins face-off versus Alan Quine in neutral zone.
17:28 of 2nd period - 10 Minutes Misconduct Penalty to John McCarthy is over.
17:30 of 2nd period - Tomas Nosek is hit by Jeff Schultz and loses puck.
17:53 of 2nd period - Reece Scarlett is hit by Charles Sarault and loses puck.
18:55 of 2nd period - Slapshot by Adam Clendening.
18:55 of 2nd period - Deflect By Corey Tropp.
18:55 of 2nd period - Stopped by Louis Domingue with a rebound.
18:57 of 2nd period - Snap shot by Dustin Gazley.
18:57 of 2nd period - Shot Misses the Net.
18:59 of 2nd period - Slapshot by Jeff Schultz.
18:59 of 2nd period - Stopped by Louis Domingue without a rebound.
19:00 of 2nd period - Tomas Nosek wins face-off versus Patrice Cormier in Whale zone.
19:45 of 2nd period - Snap shot by Charles Sarault.
19:45 of 2nd period - Shot Misses the Net.
Goals for this period are 0 for Penguins vs 0 for Whale.
Shots for this period are 11 for Penguins vs 6 for Whale.

3rd period


0:01 of 3rd period - Ryan Spooner wins face-off versus Pierre-Edouard Bellemare in neutral zone.
1:07 of 3rd period - Snap shot by Iiro Pakarinen.
1:07 of 3rd period - Stopped by Martin Brodeur without a rebound.
1:08 of 3rd period - Patrice Cormier wins face-off versus Alan Quine in Penguins zone.
1:08 of 3rd period - Patrice Cormier is hit by John McCarthy.
1:20 of 3rd period - Snap shot by Alan Quine.
1:20 of 3rd period - Deflect By Iiro Pakarinen.
1:20 of 3rd period - Stopped by Martin Brodeur with a rebound.
1:22 of 3rd period - Snap shot by John McCarthy.
1:22 of 3rd period - Stopped by Martin Brodeur with a rebound.
1:25 of 3rd period - Justin Vaive beats up John McCarthy.
1:25 of 3rd period - Penalty to John McCarthy for Fighting.
1:25 of 3rd period - Penalty to Justin Vaive for Fighting.
1:26 of 3rd period - Pierre-Edouard Bellemare wins face-off versus Ryan Spooner in Penguins zone.
1:42 of 3rd period - Corey Tropp beats up Trevor Parkes.
1:42 of 3rd period - Penalty to Corey Tropp for Fighting.
1:42 of 3rd period - Penalty to Trevor Parkes for Fighting.
1:43 of 3rd period - Ryan Spooner wins face-off versus Pierre-Edouard Bellemare in Penguins zone.
2:36 of 3rd period - FARM PLAYER15 is hit by Ethan Werek and loses puck.
2:49 of 3rd period - Slapshot by Alan Quine.
2:49 of 3rd period - Deflect By Iiro Pakarinen.
2:49 of 3rd period - Shot Misses the Net.
2:49 of 3rd period - Puck is out of play.
2:50 of 3rd period - Alan Quine wins face-off versus Ryan Olsen in Penguins zone.
3:00 of 3rd period - Off-side.
3:01 of 3rd period - Ryan Olsen wins face-off versus Colin Fraser in neutral zone.
3:42 of 3rd period - Brennan Evans is hit by Jeff Schultz and loses puck.
4:00 of 3rd period - Danny Biega is hit by Iiro Pakarinen and loses puck.
4:15 of 3rd period - Snap shot by Brendan Woods.
4:15 of 3rd period - Deflect By Nick Tarnasky.
4:15 of 3rd period - Stopped by Martin Brodeur with a rebound.
4:37 of 3rd period - Charles Sarault is hit by Brendan Woods and loses puck.
4:46 of 3rd period - Wrist shot by Brendan Woods.
4:46 of 3rd period - Stopped by Martin Brodeur without a rebound.
4:47 of 3rd period - Colin Fraser wins face-off versus Charles Sarault in Penguins zone.
6:15 of 3rd period - Snap shot by Shane Prince.
6:15 of 3rd period - Stopped by Martin Brodeur with a rebound.
6:32 of 3rd period - Shane Prince is hit by Danny Biega and loses puck.
6:53 of 3rd period - Iiro Pakarinen is hit by FARM PLAYER15 and loses puck.
7:12 of 3rd period - Jeff Schultz is hit by Brennan Evans and loses puck.
7:25 of 3rd period - Danny Biega is hit by Colin Fraser and loses puck.
7:34 of 3rd period - Pierre-Edouard Bellemare is hit by Carson McMillan and loses puck.
8:00 of 3rd period - Brent Regner is hit by Justin Vaive and loses puck.
8:51 of 3rd period - Slapshot by Adam Clendening.
8:51 of 3rd period - Stopped by Louis Domingue with a rebound.
9:11 of 3rd period - Icing by Jeff Schultz.
9:12 of 3rd period - Alan Quine wins face-off versus Ryan Spooner in Penguins zone.
9:19 of 3rd period - Slapshot by Iiro Pakarinen.
9:19 of 3rd period - Shot Blocked by Jeff Schultz.
9:27 of 3rd period - Alan Quine is hit by FARMPLAYER2 and loses puck.
9:51 of 3rd period - Snap shot by Patrice Cormier.
9:51 of 3rd period - Shot Blocked by Colin Fraser.
10:52 of 3rd period - Carson McMillan is hit by Iiro Pakarinen.
11:22 of 3rd period - Slapshot by Brendan Ranford.
11:22 of 3rd period - Stopped by Martin Brodeur with a rebound.
11:24 of 3rd period - Wrist shot by Colin Fraser.
11:24 of 3rd period - Shot Misses the Net.
11:26 of 3rd period - Snap shot by Colin Fraser.
11:26 of 3rd period - Goal by Colin Fraser - Penguins : 1 - Whale : 1.
11:27 of 3rd period - Colin Fraser wins face-off versus Patrice Cormier in neutral zone.
11:30 of 3rd period - Dustin Gazley is hit by Brendan Ranford and loses puck.
12:06 of 3rd period - Danny Biega is hit by Nick Tarnasky and loses puck.
12:55 of 3rd period - Dallas Jackson is hit by Danny Biega and loses puck.
13:18 of 3rd period - Adam Clendening is hit by Colin Fraser.
13:22 of 3rd period - Snap shot by Brendan Ranford.
13:22 of 3rd period - Shot Misses the Net.
13:24 of 3rd period - Slapshot by Brendan Ranford.
13:24 of 3rd period - Stopped by Martin Brodeur with a rebound.
13:52 of 3rd period - Wrist shot by Trevor Parkes.
13:52 of 3rd period - Stopped by Louis Domingue with a rebound.
15:26 of 3rd period - Wrist shot by Corey Tropp.
15:26 of 3rd period - Shot Misses the Net.
15:41 of 3rd period - Adam Clendening is hit by Dallas Jackson and loses puck.
15:48 of 3rd period - Trevor Parkes is hit by Ethan Werek and loses puck.
16:35 of 3rd period - Pierre-Edouard Bellemare is hit by Carson McMillan and loses puck.
17:27 of 3rd period - Snap shot by Iiro Pakarinen.
17:27 of 3rd period - Stopped by Martin Brodeur with a rebound.
18:39 of 3rd period - Snap shot by FARMPLAYER2.
18:39 of 3rd period - Deflect By Carson McMillan.
18:39 of 3rd period - Shot Misses the Net.
18:39 of 3rd period - Puck is out of play.
18:40 of 3rd period - Brendan Woods wins face-off versus Charles Sarault in Whale zone.
19:30 of 3rd period - Off-side.
19:31 of 3rd period - Colin Fraser wins face-off versus Jason Gregoire in neutral zone.
19:54 of 3rd period - Slapshot by Danny Biega.
19:54 of 3rd period - Shot Blocked by Brendan Woods.
Goals for this period are 0 for Penguins vs 1 for Whale.
Shots for this period are 2 for Penguins vs 10 for Whale.

Overtime #1


0:01 of 1st overtime period - Ryan Spooner wins face-off versus Pierre-Edouard Bellemare in neutral zone.
0:06 of 1st overtime period - Snap shot by Ryan Spooner.
0:06 of 1st overtime period - Shot Misses the Net.
0:25 of 1st overtime period - Off-side.
0:26 of 1st overtime period - Pierre-Edouard Bellemare wins face-off versus Ryan Spooner in neutral zone.
0:38 of 1st overtime period - Slapshot by Adam Clendening.
0:38 of 1st overtime period - Shot Misses the Net.
1:04 of 1st overtime period - Dallas Jackson is hit by Ryan Spooner and loses puck.
1:29 of 1st overtime period - Snap shot by Pierre-Edouard Bellemare.
1:29 of 1st overtime period - Stopped by Martin Brodeur with a rebound.
1:56 of 1st overtime period - Danny Biega is hit by Darren Dietz and loses puck.
2:01 of 1st overtime period - Snap shot by Tomas Nosek.
2:01 of 1st overtime period - Stopped by Martin Brodeur with a rebound.
2:03 of 1st overtime period - Slapshot by Darren Dietz.
2:03 of 1st overtime period - Deflect By Danny Biega.
2:03 of 1st overtime period - Stopped by Martin Brodeur with a rebound.
2:41 of 1st overtime period - FARM PLAYER15 is hit by Brendan Ranford and loses puck.
3:02 of 1st overtime period - Slapshot by Adam Clendening.
3:02 of 1st overtime period - Deflect By Jason Gregoire.
3:02 of 1st overtime period - Stopped by Louis Domingue with a rebound.
3:35 of 1st overtime period - Carson McMillan is hit by Shane Prince and loses puck.
4:14 of 1st overtime period - Adam Clendening is hit by Corey Tropp and loses puck.
4:29 of 1st overtime period - Snap shot by Justin Vaive.
4:29 of 1st overtime period - Deflect By Philippe Cornet.
4:29 of 1st overtime period - Shot Misses the Net.
4:29 of 1st overtime period - Puck is out of play.
4:30 of 1st overtime period - Tomas Nosek wins face-off versus Ryan Spooner in Whale zone.
4:39 of 1st overtime period - Ryan Spooner is hit by Brennan Evans and loses puck.
Goals for this period are 0 for Penguins vs 0 for Whale.
Shots for this period are 1 for Penguins vs 3 for Whale.

ShootOut


5:00 of 1st overtime period - Penalty Shot by Ryan Spooner for Penguins.
5:00 of 1st overtime period - Wrist shot by Ryan Spooner.
5:00 of 1st overtime period - Stopped by Louis Domingue.
5:00 of 1st overtime period - Penalty Shot by Pierre-Edouard Bellemare for Whale.
5:00 of 1st overtime period - Wrist shot by Pierre-Edouard Bellemare.
5:00 of 1st overtime period - Stopped by Martin Brodeur.
5:00 of 1st overtime period - Penalty Shot by FARMPLAYER2 for Penguins.
5:00 of 1st overtime period - Snap shot by FARMPLAYER2.
5:00 of 1st overtime period - Stopped by Louis Domingue.
5:00 of 1st overtime period - Penalty Shot by Shane Prince for Whale.
5:00 of 1st overtime period - Wrist shot by Shane Prince.
5:00 of 1st overtime period - Stopped by Martin Brodeur.
5:00 of 1st overtime period - Penalty Shot by Patrice Cormier for Penguins.
5:00 of 1st overtime period - Deke by Patrice Cormier.
5:00 of 1st overtime period - Stopped by Louis Domingue.
5:00 of 1st overtime period - Penalty Shot by Corey Tropp for Whale.
5:00 of 1st overtime period - Snap shot by Corey Tropp.
5:00 of 1st overtime period - Shot Misses the Net.
5:00 of 1st overtime period - Penalty Shot by Justin Vaive for Penguins.
5:00 of 1st overtime period - Wrist shot by Justin Vaive.
5:00 of 1st overtime period - Stopped by Louis Domingue.
5:00 of 1st overtime period - Penalty Shot by Alan Quine for Whale.
5:00 of 1st overtime period - Wrist shot by Alan Quine.
5:00 of 1st overtime period - Stopped by Martin Brodeur.
5:00 of 1st overtime period - Penalty Shot by Philippe Cornet for Penguins.
5:00 of 1st overtime period - Backhand shot by Philippe Cornet.
5:00 of 1st overtime period - Stopped by Louis Domingue.
5:00 of 1st overtime period - Penalty Shot by Iiro Pakarinen for Whale.
5:00 of 1st overtime period - Deke by Iiro Pakarinen.
5:00 of 1st overtime period - Stopped by Martin Brodeur.
5:00 of 1st overtime period - Penalty Shot by Dustin Gazley for Penguins.
5:00 of 1st overtime period - Deke by Dustin Gazley.
5:00 of 1st overtime period - Stopped by Louis Domingue.
5:00 of 1st overtime period - Penalty Shot by John McCarthy for Whale.
5:00 of 1st overtime period - Deke by John McCarthy.
5:00 of 1st overtime period - Stopped by Martin Brodeur.
5:00 of 1st overtime period - Penalty Shot by Jason Gregoire for Penguins.
5:00 of 1st overtime period - Deke by Jason Gregoire.
5:00 of 1st overtime period - Shot Misses the Net.
5:00 of 1st overtime period - Penalty Shot by Brendan Woods for Whale.
5:00 of 1st overtime period - Backhand shot by Brendan Woods.
5:00 of 1st overtime period - Shot Misses the Net.
5:00 of 1st overtime period - Penalty Shot by Charles Sarault for Penguins.
5:00 of 1st overtime period - Backhand shot by Charles Sarault.
5:00 of 1st overtime period - Stopped by Louis Domingue.
5:00 of 1st overtime period - Penalty Shot by Brendan Ranford for Whale.
5:00 of 1st overtime period - Backhand shot by Brendan Ranford.
5:00 of 1st overtime period - Goal by Brendan Ranford.